 Dungeon Sprint DCSS version 0.17-a0-1719-g1afd5a1 (webtiles) character file.

232038 Kidiri the Axe Maniac (level 19, -17/207 HPs)
             Began as a Minotaur Gladiator on Aug 28, 2015.
             Was a High Priest of Okawaru.
             Killed from afar by a pearl dragon (22 damage)
             ... with a blast of cleansing flame
             ... in the Dungeon (Sprint VII: "The Pits").
             The game lasted 01:23:02 (11341 turns).

Kidiri the Axe Maniac (Minotaur Gladiator)         Turns: 11341, Time: 01:23:02

Health: -17/207    AC: 40    Str: 30    XL:     19   Next: 16%
Magic:  43/43      EV: 28    Int:  1    God:    Okawaru [*****.]
Gold:   69         SH:  0    Dex: 17    Spells: 0 memorised, 18 levels left

rFire  + + +     SeeInvis +     L - +10 broad axe of the Last Stars {speed, +Rage rC+ Int-4 SInv}
rCold  + + +     Clarity  .     Q - +2 gold dragon armour
rNeg   + + +     SustAt   .     (no shield)
rPois  +         Gourm    .     d - +2 hat {SInv}
rElec  +         Spirit   .     T - +0 cloak of Good Intentions {+Blink +Inv MR+}
rCorr  +         Warding  .     O - +1 pair of gloves
rMut   .         NoTele   +     u - +0 pair of boots {Fly}
MR     ++...                    J - amulet "Hetu" {rCorr rN+ Str+4}
Stlth  ..........               X - ring of Immorality {*Confuse rElec rN+ SInv Stlth+}
                                W - ring "Bastatausi" {rF++ rC+ rN+ MP+9 Str-4}

@: mighty, agile, heroism, flying, very slightly contaminated, very resistant to
hostile enchantments, extremely unstealthy
A: retaliatory headbutt, horns 2, yellow scales 1, clumsy 1, mutation resistance
2
a: Heroism, Finesse, Renounce Religion, Evoke Blink, Evoke Berserk Rage, Evoke
Invisibility, Stop Flying


You were in the Dungeon.
You worshipped Okawaru.
Okawaru was extremely pleased with you.
You were not hungry.

You visited 1 branch You collected 69 gold pieces.

Inventory:

Hand weapons
 z - a +0 hand axe
 D - a +6 hand axe of flaming
 L - the +10 broad axe of the Last Stars (weapon) {speed, +Rage rC+ Int-4 SInv}
   (You found it in the Dungeon)

   Attacks with this weapon are significantly faster.
   It affects your intelligence (-4).
   It protects you from cold.
   It lets you see invisible.
   It lets you go berserk.
Missiles
 A - 2 throwing nets
 F - 3 exploding tomahawks
 R - 26 javelins of penetration (quivered)
Armour
 d - a +2 hat of see invisible (worn)
 u - a +0 pair of boots of flying (worn)
 O - a +1 pair of gloves (worn)
 Q - a +2 gold dragon armour (worn)
 T - the +0 cloak of Good Intentions (worn) {+Blink +Inv MR+}
   (You found it in the Dungeon)

   It affects your resistance to hostile enchantments.
   It lets you turn invisible.
   It lets you blink.
Jewellery
 J - the amulet "Hetu" (around neck) {rCorr rN+ Str+4}
   (You found it in the Dungeon)

   [amulet of resist corrosion]

   It protects you from acid and corrosion.
   It affects your strength (+4).
   It protects you from negative energy.
 W - the ring "Bastatausi" (left hand) {rF++ rC+ rN+ MP+9 Str-4}
   (You found it in the Dungeon)

   [ring of protection from cold]

   It affects your strength (-4).
   It greatly protects you from fire.
   It protects you from cold.
   It protects you from negative energy.
   It affects your magic capacity (+9).
 X - the ring of Immorality (right hand) {*Confuse rElec rN+ SInv Stlth+}
   (You found it in the Dungeon)

   [ring of stealth]

   It insulates you from electricity.
   It protects you from negative energy.
   It lets you see invisible.
   It may confuse you when you take damage.
   It makes you more stealthy.
Magical devices
 a - a wand of polymorph (12)
 b - a wand of hasting (5)
 r - a wand of polymorph (3)
 s - a wand of draining (9)
 t - a wand of heal wounds (0)
 y - a wand of heal wounds (2)
 B - a wand of disintegration (13)
 C - a wand of teleportation (6)
Scrolls
 o - 4 scrolls of remove curse
 p - 5 scrolls of amnesia
 q - a scroll of summoning
 E - 2 scrolls of fear
 G - 2 scrolls of identify
 H - a scroll of recharging
 I - 4 scrolls of fog
Potions
 f - 6 potions of cure mutation
 g - 2 potions of curing
 i - 4 potions of magic
 j - 6 potions of berserk rage
 n - a potion of invisibility
 v - 3 potions of agility
 w - 2 potions of might
 x - 4 potions of brilliance
 M - a potion of ambrosia
Comestibles
 e - 2 bread rations
 l - 40 fruits
 m - 10 meat rations


   Skills:
 O Level 27 Fighting
 O Level 27 Axes
 + Level 26.0(27) Throwing
 O Level 27 Armour
 O Level 27 Dodging
 + Level 25.3 Invocations
 + Level 21.1 Evocations


You had 18 spell levels left.
You didn't know any spells.

Dungeon Overview and Level Annotations

Branches:
Dungeon (1/1)

Altars:
Ashenzari
Cheibriados
Dithmenos
Elyvilon
Fedhas
Gozag
Kikubaaqudgha
Makhleb
Nemelex Xobeh
Okawaru
Qazlal
Ru
Sif Muna
Trog
Vehumet
Xom
Yredelemnul
Zin
The Shining One
Beogh
Jiyva
Lugonu

Annotations:
D Lom Lobon


Innate Abilities, Weirdness & Mutations

You reflexively headbutt those who attack you in melee.
You have a pair of horns on your head.
You are partially covered in yellow scales (AC +2).
You are clumsy. (Dex -2)
You are somewhat resistant to both further mutation and mutation removal.


Message History

Lom Lobon is lightly wounded.
You are engulfed in freezing vapours.
You resist.
Unknown command.
Read which item? (? for menu, Esc to quit)
Blink to where?
Press: ? - help, Dir - move target cursor You are very lightly contaminated with residual magic.
As you read the scroll of blinking, it crumbles to dust.
A shadow dragon comes into view.
The shadow dragon roars!
The winds around Lom Lobon calm down.
Lom Lobon blinks!
The Ice Fiend completely misses you. x2
Read which item? (? for menu, Esc to quit)
Blink to where?
Press: ? - help, Dir - move target cursor
As you read the scroll of blinking, it crumbles to dust.
The ice encasing you melts away.
The pearl dragon breathes holy energy at you.
The blast of cleansing flame engulfs you!
You die...

########## #+# ##
#'#+..##.### #)# '.#
+##.#[##..+##.# #+#
#'##.#####+#..#+####)#
#.##[##&#.##..##.##+#
#D#†[§####'#..+###.#
#†##1#.#.###..###+#
##D§###'##.##..##.#
#)##.§§@###+#))##+#
#'#..#####.##))###[#
#.#+## #.##+[)## #+#
## ###+#.)'## #.#
###.##..##(###+#
#(##+..#+##'##.##
##'#..+##)#.#...#
##(.##[###''...#
####### ####)##


There were no monsters in sight!

Vanquished Creatures
  Dissolution (D)
  An ancient lich (D)
  Dispater (D)
  Mara (D)
  A greater mummy (D)
  Frederick (D)
  the Lernaean hydra (D)
  Norris (D)
  2 Killer Klowns (D)
  A curse toe (D)
  4 pandemonium lords (D)
  Nikola (D)
  A golden dragon (D)
  Xtahua (D)
  Arachne (D)
  3 electric golems (D)
  3 Brimstone Fiends (D)
  2 hellephants (D)
  2 Hell Sentinels (D)
  2 tentacled monstrosities (D)
  2 liches (D)
  4 quicksilver dragons (D)
  4 Shadow Fiends (D)
  4 deep elf blademasters (D)
  3 titans (D)
  2 deep elf master archers (D)
  A death cob (D)
  A sphinx (D)
  An acid blob (D)
  3 storm dragons (D)
  An azure jelly (D)
  7 greater nagas (D)
  2 shadow dragons (D)
  2 draconian monks (D)
  A fire giant (D)
  4 deep elf sorcerers (D)
  2 iron dragons (D)
  3 balrugs (D)
  3 orc warlords (D)
  2 draconian knights (D)
  Louise (D)
  A frost giant (D)
  3 cacodemons (D)
  2 ghost moths (D)
  2 draconian zealots (D)
  A draconian annihilator (D)
  A spriggan defender (D)
  A vampire knight (D)
  An ophan (D)
  A war gargoyle (D)
  A deep elf demonologist (D)
  2 stone giants (D)
  A black draconian (D)
  3 green draconians (D)
  A mottled draconian (D)
  A purple draconian (D)
  3 yellow draconians (D)
  3 white draconians (D)
  A small abomination (D)
  2 dire elephants (D)
  A merfolk javelineer (D)
  A merfolk impaler (D)
  A green death (D)
  An eidolon (D)
  3 deep elf high priests (D)
  2 deep elf death magi (D)
  4 fire dragons (D)
  3 vault guards (D)
  2 yaktaur captains (D)
  4 blizzard demons (D)
  A death ooze (D)
  2 minotaurs (D)
  An ice dragon (D)
  4 naga warriors (D)
  A centaur warrior (D)
  A hell beast (D)
  3 merfolk avatars (D)
  A catoblepas (D)
  3 death knights (D)
  A dancing weapon (D)
  A death yak (D)
  An anaconda (D)
  A deep troll shaman (D)
  3 vampire magi (D)
  A sun demon (D)
  3 deep elf knights (D)
  2 skeletal warriors (D)
  2 fire crabs (D)
  A hell knight (D)
  2 swamp dragons (D)
  A ball lightning (D)
  A spriggan druid (D)
  A shadow wraith (D)
  A cherub (D)
  A lindwurm (shapeshifter) (D)
  3 wizards (D)
  A deep elf summoner (D)
  A lindwurm (D)
  A necromancer (D)
  A wolf spider (D)
  11 orc knights (D)
  2 cyclopes (D)
  A manticore (D)
  A griffon (D)
  2 ugly things (D)
  An orc sorcerer (D)
  A sixfirhy (D)
  3 molten gargoyles (D)
  3 eyes of devastation (D)
  An orange demon (D)
  2 smoke demons (D)
  Psyche (D)
  2 spiny frogs (D)
  A fire drake (D)
  2 demonic crawlers (D)
  3 yaktaurs (D)
  2 trolls (D)
  A freezing wraith (D)
  A jumping spider (D)
  6 merfolk (D)
  A blue devil (D)
  2 wind drakes (D)
  2 bog bodies (D)
  A boulder beetle (D)
  A wind drake (shapeshifter) (D)
  3 slime creatures (D)
  A snapping turtle (D)
  A giant leech (D)
  A flying skull (D)
  A water elemental (D)
  A wyvern (D)
  An air elemental (D)
  A deep elf mage (D)
  A shadow (D)
  A golden eye (D)
  3 vampire mosquitoes (D)
  A vampire (D)
  Grum (D)
  A hippogriff (D)
  A chaos spawn (D)
  A neqoxec (D)
  Menkaure (D)
  3 deep elf fighters (D)
  A large abomination (D)
  2 wargs (D)
  5 wolves (D)
  3 insubstantial wisps (D)
  A soldier ant (shapeshifter) (D)
  An ice beast (D)
  An orc warrior (D)
  3 eyes of draining (D)
  An ogre (D)
  A necrophage (D)
  A swamp drake (D)
  A centaur (D)
  An earth elemental (D)
  A gnoll sergeant (D)
  3 orc priests (D)
  A crimson imp (D)
  A jelly (D)
  An iron imp (D)
  An iguana (D)
  2 hell rats (D)
  7 sheep (D)
  3 worker ants (D)
  2 adders (D)
  7 gnolls (D)
  A white imp (D)
  2 giant eyeballs (D)
  2 oozes (D)
  An adder zombie (D)
  An adder skeleton (D)
  2 adder simulacra (D)
  A giant gecko (D)
  6 orcs (D)
  2 bat skeletons (D)
  2 bat zombies (D)
  5 jackals (D)
  A kobold (D)
  A giant cockroach simulacrum (D)
  A giant gecko simulacrum (D)
  A goblin (D)
342 creatures vanquished.

Vanquished Creatures (others)
  A hellephant (D)
  A deep elf master archer (D)
  A fire dragon (D)
  A death knight (D)
  9 ball lightnings (D)
  A hellion (D)
  An orc (D)
15 creatures vanquished.

Grand Total: 357 creatures vanquished

Notes
Turn   | Place    | Note
--------------------------------------------------------------
     0 | D        | Kidiri the Minotaur Gladiator began the quest for the Orb.
     0 | D        | Reached XP level 1. HP: 18/18 MP: 0/0
    12 | D        | Noticed a worker ant
    17 | D        | Killed a worker ant
    17 | D        | Reached skill level 4 in Axes
    17 | D        | Reached XP level 2. HP: 15/26 MP: 1/1
    52 | D        | Found a sacrificial altar of Ru.
    52 | D        | Found a basalt altar of Yredelemnul.
    52 | D        | Found a shadowy altar of Dithmenos.
    52 | D        | Found a deep blue altar of Sif Muna.
    52 | D        | Found a burning altar of Makhleb.
    52 | D        | Found a shimmering altar of Xom.
    52 | D        | Found an ancient bone altar of Kikubaaqudgha.
    52 | D        | Found a sparkling altar of Nemelex Xobeh.
    53 | D        | Found a glowing golden altar of the Shining One.
    53 | D        | Found a bloodstained altar of Trog.
    53 | D        | Found a shattered altar of Ashenzari.
    53 | D        | Found a white marble altar of Elyvilon.
    53 | D        | Found a snail-covered altar of Cheibriados.
    53 | D        | Found a blossoming altar of Fedhas.
    53 | D        | Found a radiant altar of Vehumet.
    53 | D        | Found a glowing silver altar of Zin.
    53 | D        | Found a corrupted altar of Lugonu.
    53 | D        | Found a viscous altar of Jiyva.
    53 | D        | Found a roughly hewn altar of Beogh.
    53 | D        | Found an iron altar of Okawaru.
    59 | D        | Found a stormy altar of Qazlal.
    60 | D        | Found an opulent altar of Gozag.
    62 | D        | Became a worshipper of Warmaster Okawaru
   337 | D        | Reached skill level 5 in Axes
   343 | D        | Reached XP level 3. HP: 27/31 MP: 2/2
   416 | D        | Noticed a worker ant
   416 | D        | Noticed an ice beast
   429 | D        | Killed a worker ant
   429 | D        | Reached skill level 6 in Axes
   599 | D        | Killed an ice beast
   599 | D        | Acquired Okawaru's first power
   599 | D        | Reached skill level 5 in Fighting
   599 | D        | Reached skill level 7 in Axes
   599 | D        | Reached skill level 5 in Dodging
   599 | D        | Reached XP level 4. HP: 16/42 MP: 3/3
   599 | D        | Reached XP level 5. HP: 18/48 MP: 4/4
   784 | D        | Noticed Menkaure
   785 | D        | Noticed an iguana
   786 | D        | Noticed a wolf
   787 | D        | Noticed an iron imp
   800 | D        | Killed an iguana
   801 | D        | Killed a wolf
   801 | D        | Reached skill level 8 in Axes
   813 | D        | Killed Menkaure
   813 | D        | Reached skill level 9 in Axes
   813 | D        | Reached skill level 5 in Throwing
   813 | D        | Reached XP level 6. HP: 11/58 MP: 5/5
  1077 | D        | Killed an iron imp
  1110 | D        | Noticed a flying skull
  1135 | D        | Killed a flying skull
  1135 | D        | Reached skill level 10 in Axes
  1135 | D        | Reached XP level 7. HP: 35/66 MP: 6/6
  1282 | D        | Noticed a gnoll sergeant
  1282 | D        | Noticed a smoke demon
  1290 | D        | Killed a gnoll sergeant
  1299 | D        | Reached skill level 10 in Armour
  1300 | D        | Killed a smoke demon
  1300 | D        | Reached skill level 11 in Axes
  1481 | D        | Noticed a vampire mosquito
  1481 | D        | Noticed a vampire mosquito
  1481 | D        | Noticed a vampire mosquito
  1481 | D        | Noticed an ogre
  1481 | D        | Noticed Psyche
  1486 | D        | Killed a vampire mosquito
  1486 | D        | Reached XP level 8. HP: 66/75 MP: 5/7
  1487 | D        | Killed a vampire mosquito
  1487 | D        | Killed a vampire mosquito
  1487 | D        | Reached skill level 12 in Axes
  1501 | D        | Killed Psyche
  1501 | D        | Received a gift from Okawaru
  1502 | D        | Killed an ogre
  1607 | D        | Noticed a giant leech
  1607 | D        | Noticed a jelly
  1608 | D        | Noticed a troll
  1608 | D        | Noticed a death yak
  1617 | D        | Killed a troll
  1617 | D        | Reached skill level 13 in Axes
  1617 | D        | Reached skill level 1 in Invocations
  1618 | D        | Killed a jelly
  1618 | D        | Reached XP level 9. HP: 30/84 MP: 6/8
  1620 | D        | Killed a giant leech
  1621 | D        | Killed a death yak
  1621 | D        | Reached skill level 10 in Fighting
  1857 | D        | Noticed a molten gargoyle
  1857 | D        | Noticed a swamp dragon
  1857 | D        | Noticed a lindwurm
  1864 | D        | Killed a molten gargoyle
  1864 | D        | Reached skill level 14 in Axes
  1867 | D        | HP: 1/85 [swamp dragon (13)]
  1874 | D        | Killed a swamp dragon
  1874 | D        | Received a gift from Okawaru
  1874 | D        | Reached skill level 10 in Dodging
  1880 | D        | Killed a lindwurm
  1880 | D        | Reached XP level 10. HP: 55/94 MP: 10/12
  2044 | D        | Noticed a spiny frog
  2045 | D        | Noticed a blue devil
  2045 | D        | Noticed a demonic crawler
  2054 | D        | Killed a blue devil
  2054 | D        | Killed a demonic crawler
  2054 | D        | Acquired Okawaru's second power
  2055 | D        | Killed a spiny frog
  2055 | D        | Reached skill level 15 in Axes
  2055 | D        | Reached skill level 5 in Invocations
  2059 | D        | Killed a shadow wraith
  2278 | D        | Noticed a slime creature
  2285 | D        | Killed a slime creature
  2289 | D        | Noticed a jumping spider
  2289 | D        | Noticed a slime creature
  2289 | D        | Noticed a slime creature
  2289 | D        | Noticed a molten gargoyle
  2297 | D        | Killed a molten gargoyle
  2297 | D        | Reached skill level 15 in Armour
  2298 | D        | Killed a jumping spider
  2299 | D        | Killed a slime creature
  2299 | D        | Received a gift from Okawaru
  2300 | D        | Killed a slime creature
  2300 | D        | Reached skill level 10 in Throwing
  2497 | D        | Noticed a troll
  2501 | D        | Killed a troll
  2506 | D        | Noticed a hell rat
  2506 | D        | Noticed a boulder beetle
  2507 | D        | Noticed a merfolk avatar
  2510 | D        | Killed a merfolk avatar
  2510 | D        | Received a gift from Okawaru
  2510 | D        | Reached skill level 16 in Axes
  2511 | D        | Killed a hell rat
  2520 | D        | Killed a ghost moth
  2520 | D        | Reached XP level 11. HP: 69/104 MP: 0/15
  2528 | D        | Killed a boulder beetle
  2537 | D        | Gained mutation: You are partially covered in yellow scales (AC +2). [mutagenic meat]
  2538 | D        | Gained mutation: You are clumsy. (Dex -2) [mutagenic meat]
  2539 | D        | Gained mutation: You are somewhat resistant to further mutation. [mutagenic meat]
  2757 | D        | Noticed a deep elf mage
  2757 | D        | Noticed an orc priest
  2757 | D        | Noticed a crimson imp
  2757 | D        | Noticed a necrophage
  2757 | D        | Noticed a spiny frog
  2757 | D        | Noticed a swamp drake
  2758 | D        | Noticed a deep elf fighter
  2758 | D        | Noticed a deep elf fighter
  2758 | D        | Noticed a merfolk avatar
  2758 | D        | Noticed a fire drake
  2758 | D        | Noticed an eye of devastation
  2759 | D        | Noticed a worker ant
  2764 | D        | Killed a necrophage
  2770 | D        | Noticed an orc priest
  2770 | D        | Killed an orc priest
  2778 | D        | Killed a crimson imp
  2782 | D        | Killed a merfolk avatar
  2782 | D        | Killed a spiny frog
  2784 | D        | Killed a worker ant
  2786 | D        | Killed a swamp drake
  2791 | D        | Killed a fire drake
  2792 | D        | Noticed a centaur
  2797 | D        | Killed an orc priest
  2798 | D        | Killed an eye of devastation
  2801 | D        | Killed a centaur
  2803 | D        | Killed a deep elf fighter
  2803 | D        | Reached skill level 17 in Axes
  2808 | D        | Killed a deep elf mage
  2808 | D        | Killed a deep elf fighter
  2808 | D        | Received a gift from Okawaru
  3040 | D        | Noticed a death cob
  3041 | D        | Noticed an eye of draining
  3043 | D        | Killed an eye of draining
  3055 | D        | Killed a death cob
  3055 | D        | Received a gift from Okawaru
  3243 | D        | Noticed a molten gargoyle
  3243 | D        | Noticed a minotaur
  3243 | D        | Noticed a freezing wraith
  3248 | D        | Killed a freezing wraith
  3248 | D        | Killed a molten gargoyle
  3253 | D        | Killed a minotaur
  3267 | D        | Noticed a cyclops
  3270 | D        | Noticed a demonic crawler
  3270 | D        | Killed a cyclops
  3280 | D        | Killed a demonic crawler
  3302 | D        | Noticed a death knight
  3305 | D        | Noticed a cyclops
  3308 | D        | Killed a death knight
  3308 | D        | Reached skill level 18 in Axes
  3308 | D        | Reached XP level 12. HP: 103/115 MP: 17/17
  3314 | D        | Killed a cyclops
  3315 | D        | Noticed a wolf
  3318 | D        | Noticed a wolf
  3320 | D        | Killed a wolf
  3321 | D        | Noticed a wolf
  3321 | D        | Killed a wolf
  3324 | D        | Noticed a wolf
  3324 | D        | Killed a wolf
  3326 | D        | Noticed Grum
  3327 | D        | Killed a wolf
  3330 | D        | Noticed a bog body
  3330 | D        | Killed Grum
  3340 | D        | Killed a bog body
  3465 | D        | Noticed a wyvern
  3468 | D        | Killed a wyvern
  3657 | D        | Noticed an eye of draining
  3657 | D        | Noticed a death knight
  3657 | D        | Noticed a merfolk avatar
  3657 | D        | Noticed an anaconda
  3657 | D        | Noticed a necromancer
  3658 | D        | Noticed a bog body
  3661 | D        | Noticed a storm dragon
  3665 | D        | Killed a bog body
  3667 | D        | Killed an anaconda
  3668 | D        | Noticed a vampire mage
  3668 | D        | Noticed a deep elf fighter
  3668 | D        | Noticed a smoke demon
  3671 | D        | Killed a vampire mage
  3673 | D        | Killed a merfolk avatar
  3674 | D        | Noticed a wind drake
  3680 | D        | Noticed a deep elf high priest
  3684 | D        | Killed a death knight
  3685 | D        | Killed a storm dragon
  3685 | D        | Received a gift from Okawaru
  3685 | D        | Reached skill level 19 in Axes
  3688 | D        | Noticed a fire crab
  3693 | D        | Killed a wind drake
  3696 | D        | Noticed a catoblepas
  3697 | D        | Killed a fire crab
  3697 | D        | Received a gift from Okawaru
  3699 | D        | Killed a smoke demon
  3700 | D        | Noticed a snapping turtle
  3700 | D        | Got a shimmering robe {god gift}
  3702 | D        | Killed a deep elf fighter
  3704 | D        | Noticed a griffon
  3704 | D        | Killed a necromancer
  3706 | D        | Reached skill level 10 in Invocations
  3710 | D        | Noticed a death knight
  3713 | D        | Killed a death knight
  3724 | D        | Killed a catoblepas
  3726 | D        | Killed a snapping turtle
  3731 | D        | Killed a deep elf high priest
  3732 | D        | Killed an eye of draining
  3732 | D        | Killed a griffon
  3735 | D        | Noticed a hippogriff
  3738 | D        | Killed a hippogriff
  3739 | D        | Noticed a manticore
  3740 | D        | Killed a manticore
  3744 | D        | Noticed a hell rat
  3747 | D        | Killed a hell rat
  3807 | D        | Identified the +2 robe of the Black Moon {Dex+5} (Okawaru gifted it to you in the Dungeon)
  3949 | D        | Noticed a spriggan druid
  3949 | D        | Noticed a chaos spawn
  3949 | D        | Noticed a soldier ant
  3949 | D        | Noticed a greater naga
  3949 | D        | Noticed a green draconian
  3949 | D        | Noticed a sixfirhy
  3949 | D        | Noticed a skeletal warrior
  3949 | D        | Noticed a skeletal warrior
  3953 | D        | Killed a spriggan druid
  3953 | D        | Reached skill level 20 in Axes
  3953 | D        | Reached XP level 13. HP: 125/125 MP: 11/19
  3956 | D        | Killed a greater naga
  3959 | D        | Killed a chaos spawn
  3962 | D        | Killed a soldier ant
  3963 | D        | Killed a green draconian
  3963 | D        | Reached skill level 15 in Fighting
  3970 | D        | Killed a skeletal warrior
  3972 | D        | Killed a sixfirhy
  3973 | D        | Killed a skeletal warrior
  4143 | D        | Noticed a yaktaur
  4143 | D        | Noticed a yaktaur
  4144 | D        | Noticed an orc knight
  4144 | D        | Noticed an orc knight
  4144 | D        | Noticed a yaktaur
  4144 | D        | Noticed an orc knight
  4144 | D        | Noticed an orc knight
  4144 | D        | Noticed an orc warlord
  4144 | D        | Noticed an orc knight
  4145 | D        | Noticed a naga warrior
  4145 | D        | Noticed an orc knight
  4145 | D        | Noticed an orc warlord
  4145 | D        | Noticed an eidolon
  4145 | D        | Noticed an orc knight
  4145 | D        | Noticed an orc knight
  4145 | D        | Noticed a naga warrior
  4146 | D        | Noticed a death knight
  4146 | D        | Noticed an orc knight
  4146 | D        | Noticed an orc knight
  4146 | D        | Noticed a vault guard
  4146 | D        | Noticed a yaktaur captain
  4147 | D        | Noticed a deep elf knight
  4149 | D        | Killed an orc knight
  4150 | D        | Noticed an orange demon
  4151 | D        | Killed an orc knight
  4151 | D        | Received a gift from Okawaru
  4152 | D        | Noticed a naga warrior
  4153 | D        | Killed a yaktaur
  4158 | D        | Killed a yaktaur
  4159 | D        | Killed an orc knight
  4162 | D        | Killed an orc warlord
  4162 | D        | Received a gift from Okawaru
  4164 | D        | Killed an orc knight
  4169 | D        | Killed an orc knight
  4169 | D        | Killed a deep elf knight
  4169 | D        | Reached skill level 21 in Axes
  4171 | D        | Killed an orc knight
  4172 | D        | Killed an orc knight
  4172 | D        | Received a gift from Okawaru
  4173 | D        | Killed an eidolon
  4174 | D        | Killed an orc knight
  4175 | D        | Killed a vault guard
  4176 | D        | Killed an orc knight
  4176 | D        | Received a gift from Okawaru
  4178 | D        | Killed a naga warrior
  4178 | D        | Killed an orc knight
  4179 | D        | Killed an orc warlord
  4179 | D        | Reached skill level 15 in Dodging
  4182 | D        | Killed an orange demon
  4183 | D        | Killed a yaktaur captain
  4183 | D        | Killed a yaktaur
  4188 | D        | Killed a ghost moth
  4190 | D        | Killed a naga warrior
  4191 | D        | Killed a naga warrior
  4191 | D        | Received a gift from Okawaru
  4191 | D        | Reached skill level 22 in Axes
  4191 | D        | Killed a death knight
  4191 | D        | Reached XP level 14. HP: 48/138 MP: 0/22
  4198 | D        | Got a shimmering cloak {god gift}
  4204 | D        | Identified the -5 cloak "Pixtofom" {rPois rC- Dex-4 SInv} (Okawaru gifted it to you in the Dungeon)
  4209 | D        | Gained mutation: You are somewhat resistant to both further mutation and mutation removal. [mutagenic meat]
  4418 | D        | Noticed an air elemental
  4421 | D        | Killed an air elemental
  4438 | D        | Noticed an orc knight
  4438 | D        | Noticed a water elemental
  4438 | D        | Noticed a deep elf knight
  4440 | D        | Killed a water elemental
  4445 | D        | Killed a deep elf knight
  4450 | D        | Killed an orc knight
  4468 | D        | Got the +7 blowgun of Courage {evade, MR+ Stlth+}
  4475 | D        | Noticed a naga warrior
  4481 | D        | Killed a naga warrior
  4497 | D        | Got the +10 broad axe of the Last Stars {speed, +Rage rC+ Int-4 SInv}
  4613 | D        | Noticed a vault guard
  4622 | D        | Killed a vault guard
  4780 | D        | Noticed a Shadow Fiend
  4793 | D        | Killed a Shadow Fiend
  4796 | D        | Noticed a quicksilver dragon
  4808 | D        | Killed a quicksilver dragon
  4915 | D        | Noticed a deep elf blademaster
  4923 | D        | Killed a deep elf blademaster
  4928 | D        | Noticed a mottled draconian zealot
  4933 | D        | Killed a mottled draconian zealot
  4936 | D        | Noticed a Killer Klown
  4948 | D        | Killed a Killer Klown
  4948 | D        | Reached skill level 23 in Axes
  4948 | D        | Reached skill level 15 in Throwing
  4977 | D        | Noticed a blizzard demon
  4979 | D        | Killed a blizzard demon
  4979 | D        | Received a gift from Okawaru
  5064 | D        | Noticed a lindwurm
  5065 | D        | Noticed a minotaur
  5065 | D        | Noticed a merfolk
  5066 | D        | Noticed a merfolk
  5066 | D        | Killed a lindwurm
  5068 | D        | Killed a merfolk
  5071 | D        | Killed a merfolk
  5072 | D        | Noticed a merfolk javelineer
  5073 | D        | Noticed a green ugly thing
  5076 | D        | Killed a minotaur
  5080 | D        | Noticed a merfolk impaler
  5080 | D        | Killed a green ugly thing
  5080 | D        | Received a gift from Okawaru
  5080 | D        | Killed a merfolk javelineer
  5080 | D        | Received a gift from Okawaru
  5086 | D        | Noticed a brown ugly thing
  5088 | D        | Killed a brown ugly thing
  5097 | D        | Killed a merfolk impaler
  5129 | D        | Noticed a merfolk
  5130 | D        | Noticed a merfolk
  5130 | D        | Noticed a merfolk
  5131 | D        | Noticed a merfolk
  5143 | D        | Killed a merfolk
  5151 | D        | Killed a merfolk
  5151 | D        | Killed a merfolk
  5152 | D        | Killed a merfolk
  5194 | D        | Noticed a hell beast
  5202 | D        | Killed a hell beast
  5327 | D        | Noticed a large abomination
  5327 | D        | Noticed an earth elemental
  5327 | D        | Noticed a yellow draconian
  5327 | D        | Noticed an insubstantial wisp
  5328 | D        | Noticed Arachne
  5328 | D        | Noticed a greater naga
  5329 | D        | Noticed an insubstantial wisp
  5330 | D        | Noticed an insubstantial wisp
  5331 | D        | Noticed a fire dragon
  5334 | D        | Noticed an acid blob
  5335 | D        | Killed an insubstantial wisp
  5336 | D        | Noticed a vault guard
  5339 | D        | Killed a yellow draconian
  5342 | D        | Noticed an eye of devastation
  5344 | D        | Noticed a wind drake
  5346 | D        | Killed Arachne
  5348 | D        | Killed an acid blob
  5348 | D        | Reached skill level 24 in Axes
  5349 | D        | Noticed a white draconian
  5349 | D        | Noticed a shadow
  5352 | D        | Killed an insubstantial wisp
  5356 | D        | Noticed a blizzard demon
  5363 | D        | Killed a greater naga
  5363 | D        | Killed a fire dragon
  5363 | D        | Killed an insubstantial wisp
  5364 | D        | Killed a large abomination
  5367 | D        | Killed an eye of devastation
  5369 | D        | Killed a shadow
  5372 | D        | Killed a vault guard
  5372 | D        | Reached XP level 15. HP: 81/149 MP: 8/24
  5378 | D        | Killed a wind drake
  5378 | D        | Killed a blizzard demon
  5387 | D        | Killed a white draconian
  5399 | D        | Killed an earth elemental
  5437 | D        | Got the cursed +0 cloak of Good Intentions {+Blink +Inv MR+}
  5471 | D        | Noticed a fire crab
  5471 | D        | Noticed a centaur warrior
  5471 | D        | Noticed a quicksilver dragon
  5479 | D        | Killed a centaur warrior
  5481 | D        | Killed a quicksilver dragon
  5481 | D        | Received a gift from Okawaru
  5481 | D        | Reached skill level 1 in Evocations
  5482 | D        | Killed a fire crab
  5511 | D        | Got the ring of Immorality {*Confuse rElec rN+ SInv Stlth+}
  5689 | D        | Noticed a fire giant
  5689 | D        | Noticed a torpor snail
  5690 | D        | a torpor snail changed into a deep troll
  5691 | D        | Noticed a deep elf knight
  5691 | D        | Noticed a deep elf sorcerer
  5691 | D        | Noticed a greater naga
  5694 | D        | Noticed a sun demon
  5701 | D        | Killed a deep elf sorcerer
  5706 | D        | Killed a deep elf knight
  5707 | D        | Killed a fire giant
  5708 | D        | Killed a greater naga
  5716 | D        | Killed a sun demon
  5738 | D        | Noticed a fire dragon
  5747 | D        | Killed a fire dragon
  5906 | D        | Noticed a mottled draconian zealot
  5907 | D        | Noticed a fire dragon
  5907 | D        | Noticed a yaktaur captain
  5907 | D        | Noticed a spriggan defender
  5907 | D        | Noticed a mottled draconian
  5907 | D        | Noticed a fire dragon
  5908 | D        | Noticed Dissolution
  5909 | D        | Noticed a red draconian knight
  5910 | D        | Noticed an iron dragon
  5917 | D        | Killed a yaktaur captain
  5917 | D        | Reached skill level 25 in Axes
  5920 | D        | Killed a mottled draconian zealot
  5920 | D        | Received a gift from Okawaru
  5921 | D        | Killed a fire dragon
  5930 | D        | Killed a spriggan defender
  5933 | D        | Paralysed by a giant eyeball for 2 turns
  5941 | D        | Paralysed by a giant eyeball for 3 turns
  6008 | D        | Killed a red draconian knight
  6421 | D        | Killed an iron dragon
  6584 | D        | Killed Dissolution
  6584 | D        | Reached skill level 15 in Invocations
  6944 | D        | Killed a fire dragon
  7067 | D        | Killed a mottled draconian
  7067 | D        | Reached skill level 26 in Axes
  7251 | D        | Noticed a deep elf sorcerer
  7251 | D        | Noticed a white draconian
  7251 | D        | Noticed a tentacled monstrosity
  7251 | D        | Noticed a balrug
  7251 | D        | Noticed a cherub
  7251 | D        | Noticed Cominwu the pandemonium lord
  7251 | D        | Noticed a blizzard demon
  7251 | D        | Noticed a Killer Klown
  7254 | D        | Noticed a Hell Sentinel
  7263 | D        | Killed a Hell Sentinel
  7265 | D        | Killed Cominwu the pandemonium lord
  7265 | D        | Received a gift from Okawaru
  7270 | D        | Killed a Killer Klown
  7273 | D        | Killed a tentacled monstrosity
  7273 | D        | Received a gift from Okawaru
  7273 | D        | Received a gift from Okawaru
  7273 | D        | Reached XP level 16. HP: 86/162 MP: 11/26
  7274 | D        | Killed a cherub
  7275 | D        | Killed a white draconian
  7276 | D        | Killed a blizzard demon
  7280 | D        | Killed a deep elf sorcerer
  7280 | D        | Received a gift from Okawaru
  7283 | D        | Killed a balrug
  7495 | D        | Noticed a quicksilver dragon
  7502 | D        | Killed a quicksilver dragon
  7507 | D        | Noticed a Brimstone Fiend
  7514 | D        | Killed a Brimstone Fiend
  7514 | D        | Received a gift from Okawaru
  7523 | D        | Noticed Nikola
  7538 | D        | Killed Nikola
  7538 | D        | Reached skill level 27 in Axes
  7550 | D        | Noticed a cacodemon
  7559 | D        | Killed a cacodemon
  7559 | D        | Reached skill level 27 in Armour
  7563 | D        | Noticed a balrug
  7571 | D        | Killed a balrug
  7571 | D        | Received a gift from Okawaru
  7572 | D        | Got a translucent battleaxe {god gift}
  7573 | D        | Identified the +1 battleaxe "Newtslayer" {drain, Str+2} (Okawaru gifted it to you in the Dungeon)
  7704 | D        | Noticed a greater naga
  7706 | D        | Noticed an ancient lich
  7713 | D        | Killed a greater naga
  7715 | D        | Noticed a white draconian monk
  7715 | D        | Noticed a wizard
  7715 | D        | Noticed a deep elf death mage
  7715 | D        | Noticed a vampire
  7716 | D        | Noticed a deep elf high priest
  7716 | D        | Noticed a deep elf high priest
  7716 | D        | Noticed a vampire mage
  7718 | D        | Noticed a greater naga
  7723 | D        | Noticed a greater naga
  7723 | D        | Noticed a deep elf death mage
  7727 | D        | Killed an ancient lich
  7727 | D        | Reached skill level 10 in Evocations
  7728 | D        | Noticed a deep elf sorcerer
  7728 | D        | Noticed a deep elf demonologist
  7728 | D        | Noticed a green draconian
  7729 | D        | Noticed a greater naga
  7729 | D        | Noticed a vampire mage
  7731 | D        | Killed a wizard
  7734 | D        | Killed a deep elf death mage
  7736 | D        | Noticed a black draconian
  7738 | D        | Noticed Frederick
  7738 | D        | Killed a deep elf death mage
  7739 | D        | Noticed an ice dragon
  7741 | D        | Killed a deep elf high priest
  7743 | D        | Killed a vampire
  7744 | D        | Noticed a wizard
  7745 | D        | Noticed a sphinx
  7745 | D        | Killed a greater naga
  7745 | D        | Received a gift from Okawaru
  7747 | D        | Killed a greater naga
  7748 | D        | Noticed a wizard
  7748 | D        | Killed a white draconian monk
  7749 | D        | Killed a vampire mage
  7752 | D        | Killed a vampire mage
  7753 | D        | Killed a deep elf demonologist
  7754 | D        | Killed a green draconian
  7757 | D        | Killed a deep elf sorcerer
  7758 | D        | Killed a greater naga
  7763 | D        | Killed a deep elf high priest
  7766 | D        | Killed a wizard
  7769 | D        | Killed an ice dragon
  7771 | D        | Killed Frederick
  7772 | D        | Killed a sphinx
  7772 | D        | Killed a wizard
  7773 | D        | Killed a black draconian
  7773 | D        | Reached XP level 17. HP: 105/178 MP: 16/29
  7823 | D        | Noticed a lich
  7825 | D        | Noticed a Brimstone Fiend
  7833 | D        | Killed a lich
  8033 | D        | Got the amulet of Odutow {rCorr Int+2 Dex-3 SInv}
  8035 | D        | Got the ring of Dotaicuf {rPois MR+ Str+4 Dex-3}
  8037 | D        | Got the amulet of the Establishment {Stasis rC- rN+ MR+}
  8039 | D        | Got the ring "Errongei" {rPois rN+ Stlth+}
  8041 | D        | Got the amulet "Zyjuamo" {Gourm *Corrode rN+ Int+5}
  8043 | D        | Got the ring "Muqyosmo" {rPois Int+3 Dex-3 Stlth+}
  8045 | D        | Got the amulet "Hetu" {rCorr rN+ Str+4}
  8047 | D        | Got the amulet of Doubts {rCorr rPois rF- rC+}
  8049 | D        | Got the amulet "Wathrisiuta" {rElec Regen+ Str-2 Int+6 SInv}
  8051 | D        | Got the ring of the Four Planets {rF++ rN+ Slay+5}
  8053 | D        | Got the amulet of Pessimism {Gourm *Corrode rPois Slay+5 Stlth+}
  8055 | D        | Got the ring "Myptexuti" {rC+ Str-3 Int+3 Dex+3 SInv}
  8057 | D        | Got the ring of Jeitt {rPois Int+5 Dex+2}
  8069 | D        | Got the ring of Hedonism {-Tele rPois rC+ rN+ Dex+6}
  8071 | D        | Got the ring of Visserch {rN+ Int+6 Dex+2}
  8105 | D        | Got the ring of Parudwyetu {rC+ Int+7}
  8107 | D        | Got the ring of Eloxoosi {rC+ MP+9 Str+3 Stlth+}
  8109 | D        | Got the ring "Gal Ryseco" {+Inv rPois Int+3}
  8111 | D        | Got the ring of the Original Sin {+Inv Str+6}
  8113 | D        | Got the ring of Relativism {Ice *Drain MR+ Int+2}
  8115 | D        | Got the ring of Delame {-Tele +Fly rElec rF+ Int+4}
  8117 | D        | Got the ring of Ocotes {Str+6 Dex+2}
  8119 | D        | Got the ring of Coxei {Fire rElec Dex+2}
  8121 | D        | Got the ring "Korop" {rElec Int+6}
  8123 | D        | Got the ring "Peffam" {rPois rF+ MR+++ Int+6 Stlth-}
  8280 | D        | Noticed a war gargoyle
  8280 | D        | Noticed an eye of devastation
  8280 | D        | Noticed a wolf spider
  8280 | D        | Noticed a yellow draconian
  8280 | D        | Noticed a quicksilver dragon
  8280 | D        | Noticed a deep elf blademaster
  8280 | D        | Noticed a green draconian
  8281 | D        | Noticed a shadow dragon
  8281 | D        | Noticed a neqoxec
  8283 | D        | Noticed a deep elf master archer
  8283 | D        | Noticed a vampire knight
  8284 | D        | Noticed an eye of draining
  8284 | D        | Noticed a dire elephant
  8284 | D        | Noticed a storm dragon
  8285 | D        | Noticed Louise
  8289 | D        | Killed an eye of devastation
  8291 | D        | Killed a vampire knight
  8294 | D        | Killed a neqoxec
  8295 | D        | Killed a wolf spider
  8297 | D        | Killed a deep elf master archer
  8297 | D        | Killed a war gargoyle
  8299 | D        | Killed an eye of draining
  8304 | D        | Killed a quicksilver dragon
  8305 | D        | Killed a yellow draconian
  8308 | D        | Killed a deep elf blademaster
  8308 | D        | Received a gift from Okawaru
  8314 | D        | Killed a dire elephant
  8315 | D        | Killed a storm dragon
  8316 | D        | Killed a shadow dragon
  8317 | D        | Noticed a titan
  8318 | D        | Noticed a deep elf master archer
  8322 | D        | Killed Louise
  8322 | D        | Received a gift from Okawaru
  8324 | D        | Killed a green draconian
  8332 | D        | Killed a deep elf master archer
  8332 | D        | Killed a titan
  8596 | D        | Noticed a balrug
  8597 | D        | Noticed a cacodemon
  8597 | D        | Noticed Xtahua
  8597 | D        | Noticed a blizzard demon
  8603 | D        | Killed a balrug
  8610 | D        | Killed a blizzard demon
  8612 | D        | Killed Xtahua
  8612 | D        | Received a gift from Okawaru
  8614 | D        | Killed a cacodemon
  8768 | D        | Noticed Mara
  8783 | D        | Killed Mara
  8783 | D        | Reached skill level 15 in Evocations
  8790 | D        | Noticed an iron dragon
  8790 | D        | Noticed Norris
  8790 | D        | Noticed a death ooze
  8792 | D        | Noticed a cacodemon
  8792 | D        | Noticed a shadow dragon
  8794 | D        | Killed a death ooze
  8807 | D        | Killed Norris
  8807 | D        | Killed an iron dragon
  8816 | D        | Killed a cacodemon
  8816 | D        | Killed a shadow dragon
  8824 | D        | Noticed a yellow draconian
  8824 | D        | Noticed a curse toe
  8824 | D        | Noticed a deep elf sorcerer
  8825 | D        | Noticed a tentacled monstrosity
  8825 | D        | Noticed a white draconian
  8833 | D        | Killed a yellow draconian
  8834 | D        | Killed a tentacled monstrosity
  8836 | D        | Killed a deep elf sorcerer
  8841 | D        | Killed a curse toe
  8845 | D        | Killed a white draconian
  8953 | D        | Got the ring "Veme" {rF+ rN+ Str+4}
  8955 | D        | Got the amulet of Coaf {Ward rF+ rN+ Str+7 Dex-4}
  8957 | D        | Got the ring of the Nightingale {rC+ rN+ Str+3}
  8959 | D        | Got the ring of Taci {+Fly rF++}
  8961 | D        | Got the amulet of Vomair {Gourm Dex+2}
  8963 | D        | Got the ring "Voraps" {Str+6 Dex+3 SInv}
  8965 | D        | Got the ring "Bastatausi" {rF++ rC+ rN+ MP+9 Str-4}
  8967 | D        | Got the amulet "Bofisun" {Ward rElec rN+}
  9009 | D        | Noticed a golden dragon
  9009 | D        | Noticed an azure jelly
  9016 | D        | Killed a golden dragon
  9018 | D        | Killed an azure jelly
  9018 | D        | Reached XP level 18. HP: 176/193 MP: 24/31
  9019 | D        | Noticed a dire elephant
  9019 | D        | Noticed a green death
  9019 | D        | Noticed a stone giant
  9019 | D        | Noticed a deep elf blademaster
  9019 | D        | Noticed a deep elf summoner
  9028 | D        | Killed a deep elf blademaster
  9034 | D        | Killed a green death
  9034 | D        | Killed a dire elephant
  9037 | D        | Killed a stone giant
  9042 | D        | Killed a deep elf summoner
  9304 | D        | Noticed a swamp dragon
  9304 | D        | Noticed a hellephant
  9304 | D        | Noticed a trident of freezing
  9304 | D        | Noticed a greater mummy
  9304 | D        | Noticed a frost giant
  9304 | D        | Noticed a golden eye
  9305 | D        | Noticed an ophan
  9307 | D        | Noticed a deep elf blademaster
  9309 | D        | Killed a golden eye
  9309 | D        | Killed a swamp dragon
  9312 | D        | Killed a trident of freezing
  9315 | D        | Killed a frost giant
  9319 | D        | Killed a deep elf blademaster
  9319 | D        | Received a gift from Okawaru
  9325 | D        | Killed an ophan
  9332 | D        | Killed a hellephant
  9338 | D        | Killed a greater mummy
  9937 | D        | Noticed a hellephant
  9948 | D        | Killed a hellephant
  9948 | D        | Received a gift from Okawaru
  9953 | D        | Noticed a warg
  9953 | D        | Noticed a warg
  9953 | D        | Noticed Dispater
  9957 | D        | Noticed an orc sorcerer
  9970 | D        | Noticed an orc warrior
  9972 | D        | Noticed an orc warlord
 10002 | D        | Killed a warg
 10003 | D        | Noticed a green draconian knight
 10003 | D        | Noticed an orc priest
 10004 | D        | Killed an orc warrior
 10008 | D        | Killed an orc warlord
 10013 | D        | Noticed an electric golem
 10013 | D        | Killed an orc sorcerer
 10017 | D        | Killed Dispater
 10017 | D        | Received a gift from Okawaru
 10019 | D        | Killed a warg
 10021 | D        | Killed an orc priest
 10028 | D        | Killed an electric golem
 10031 | D        | Killed a green draconian knight
 10090 | D        | Got a smelly plate armour {god gift}
 10101 | D        | Identified the +2 plate armour "Heenif" {+Inv Str+3} (Okawaru gifted it to you in the Dungeon)
 10346 | D        | Noticed a stone giant
 10349 | D        | Killed a stone giant
 10357 | D        | Noticed a titan
 10362 | D        | Killed a titan
 10362 | D        | Reached skill level 27 in Fighting
 10372 | D        | Noticed a white draconian monk
 10379 | D        | Killed a white draconian monk
 10385 | D        | Noticed a Shadow Fiend
 10392 | D        | Killed a Shadow Fiend
 10398 | D        | Noticed a hell knight
 10410 | D        | Killed a hell knight
 10418 | D        | Noticed an electric golem
 10437 | D        | Killed an electric golem
 10437 | D        | Reached skill level 27 in Dodging
 10449 | D        | Noticed a mottled draconian annihilator
 10456 | D        | Killed a mottled draconian annihilator
 10485 | D        | Noticed a Hell Sentinel
 10495 | D        | Killed a Hell Sentinel
 10502 | D        | Noticed a Brimstone Fiend
 10508 | D        | Killed a Brimstone Fiend
 10515 | D        | Noticed a deep troll shaman
 10519 | D        | Killed a deep troll shaman
 10529 | D        | Noticed a Shadow Fiend
 10535 | D        | Killed a Shadow Fiend
 10591 | D        | Noticed the 27-headed Lernaean hydra
 10798 | D        | Killed the 18-headed Lernaean hydra
 11146 | D        | Noticed an electric golem
 11154 | D        | Noticed a purple draconian
 11159 | D        | Killed a purple draconian
 11161 | D        | Noticed a titan
 11169 | D        | Killed an electric golem
 11177 | D        | Killed a titan
 11186 | D        | Noticed a hellephant
 11186 | D        | Noticed Lom Lobon
 11197 | D        | Noticed a hellion
 11199 | D        | Noticed Nemut the pandemonium lord
 11199 | D        | Noticed a Hell Sentinel
 11200 | D        | Noticed a Brimstone Fiend
 11200 | D        | Killed a hellion
 11205 | D        | Killed a hellephant
 11207 | D        | Noticed Deczit the pandemonium lord
 11207 | D        | Noticed a Shadow Fiend
 11207 | D        | Noticed a fire dragon
 11213 | D        | Killed Nemut the pandemonium lord
 11214 | D        | Noticed a deep elf master archer
 11220 | D        | Killed a Hell Sentinel
 11222 | D        | Noticed a storm dragon
 11224 | D        | Killed Deczit the pandemonium lord
 11224 | D        | Received a gift from Okawaru
 11224 | D        | Reached XP level 19. HP: 48/207 MP: 34/34
 11229 | D        | Killed a fire dragon
 11229 | D        | Killed a deep elf master archer
 11260 | D        | Noticed Liuhiconas the pandemonium lord
 11275 | D        | Killed Liuhiconas the pandemonium lord
 11282 | D        | Killed a storm dragon
 11286 | D        | Killed a Brimstone Fiend
 11286 | D        | Received a gift from Okawaru
 11300 | D        | Killed a Shadow Fiend
 11310 | D        | Noticed a lich
 11328 | D        | Noticed an Ice Fiend
 11330 | D        | Killed a lich
 11333 | D        | Noticed a pearl dragon
 11338 | D        | HP: 4/207 [Lom Lobon/great icy blast (37)]
 11340 | D        | Noticed a shadow dragon
 11341 | D        | Killed from afar by a pearl dragon

Vault maps used:
D:        pitsprint

Action                   |  1- 3 |  4- 6 |  7- 9 | 10-12 | 13-15 | 16-18 | 19-21 || total
-------------------------+-------+-------+-------+-------+-------+-------+-------++-------
Melee: War axe           |    12 |    17 |    56 |    50 |       |       |       ||   135
       Hand axe          |    18 |    29 |       |       |       |     9 |       ||    56
       Unarmed           |       |       |    13 |       |       |       |       ||    13
       Battleaxe         |       |       |       |    51 |       |       |       ||    51
       Executioner's axe |       |       |       |    92 |    71 |       |       ||   163
       Broad axe         |       |       |       |       |   262 |   485 |    24 ||   771
Throw: Javelin           |       |       |       |    17 |    36 |    10 |       ||    63
       Tomahawk          |       |       |       |     4 |       |       |       ||     4
       Throwing net      |       |       |       |     3 |     2 |       |       ||     5
Invok: Heroism           |       |     1 |     4 |     9 |    12 |    14 |     1 ||    41
       Finesse           |       |       |       |     6 |    12 |    14 |       ||    32
 Abil: Evoke Invisibilit |       |       |       |       |     1 |     3 |       ||     4
Evoke: Wand              |       |       |       |       |       |       |     6 ||     6
  Use: Potion            |     2 |     1 |     5 |     2 |    14 |    22 |     2 ||    48
       Scroll            |       |       |       |     4 |     2 |     5 |     2 ||    13
 Stab: Held in net/web   |       |       |       |       |     1 |       |       ||     1
       Invisible         |       |       |       |       |       |     8 |       ||     8
  Eat: Bread ration      |       |     1 |       |     2 |     3 |     3 |       ||     9
       Chunk             |       |       |       |     7 |     6 |     4 |       ||    17
